 Dungeon Crawl Stone Soup version 0.22-a0-601-gb0ed703ee0 (webtiles) character file.

71631 PikkenKukken the Grappler (level 14, -12/146 HPs)
             Began as a Troll Berserker on July 6, 2018.
             Was the Champion of Trog.
             Mangled by an anaconda (13 damage)
             ... on level 1 of the Snake Pit.
             The game lasted 01:20:15 (23930 turns).

PikkenKukken the Grappler (Troll Berserker)        Turns: 23930, Time: 01:20:15

Health: -12/146    AC: 15    Str: 28    XL:     14   Next: 98%
Magic:  11/11      EV: 13    Int:  3    God:    Trog [******]
Gold:   558        SH: 23    Dex: 13    Spells: 13/13 levels left

rFire    . . .     SeeInvis .     - Unarmed
rCold    . . .     Gourm    +   c - +4 large shield
rNeg     . . .     Faith    .   H - +4 troll leather armour
rPois    +         Spirit   .   (helmet restricted)
rElec    +         Reflect  .   D - +2 cloak {rPois}
rCorr    .         Harm     .   (gloves unavailable)
MR       ++...                  (boots unavailable)
Stlth    +.........             K - amulet of regeneration
HPRegen  1.54/turn              p - ring of protection from magic
MPRegen  0.12/turn              d - +4 ring of slaying

@: lethally poisoned (-12 -> -14), berserk cooldown, slowed, constricted, very
slow
A: large, unfitting armour, claws 3, horns 1, repulsion field 1, fast metabolism
3, gourmand, low mp 1, regeneration 1, shaggy fur 1, electricity resistance,
tough skin 2, MP-powered wands
a: Berserk, Trog's Hand, Brothers in Arms, Renounce Religion


You were on level 1 of the Snake Pit.
You worshipped Trog.
Trog was exalted by your worship.
You were very full.

You visited 5 branches of the dungeon, and saw 22 of its levels.
You also visited: Ossuary.

You collected 2195 gold pieces.
You spent 1637 gold pieces at shops.

Inventory:

Hand Weapons
 b - a +5 hand crossbow of velocity
Missiles
 l - 126 bolts
 O - 8 silver tomahawks (quivered)
Armour
 c - a +4 large shield (worn)
 D - a +2 cloak of poison resistance (worn)
 H - a +4 troll leather armour (worn)
 I - a +1 robe of magic resistance
 J - a scarf of spirit shield
 Y - a scarf of cloud immunity
Jewellery
 d - a +4 ring of slaying (right claw)
 p - a ring of protection from magic (left claw)
 z - an uncursed ring of protection from cold
 K - an amulet of regeneration (around neck)
 R - an uncursed ring of protection from magic
 X - the ring "Besilemu" {Int+2 Stlth+}
   (You found it on level 5 of the Lair of Beasts)

   [ring of intelligence]

   It affects your intelligence (+2).
   It makes you more stealthy.
Wands
 a - a wand of digging (11)
Scrolls
 e - 13 scrolls of remove curse
 g - a scroll of enchant armour
 n - 10 scrolls of teleportation
 r - 2 scrolls of blinking
 y - 5 scrolls of magic mapping
 C - a scroll of noise
 F - 2 scrolls of fog
 P - 3 scrolls of fear
 S - a scroll of holy word
 T - a scroll of identify
 V - a scroll of silence
Potions
 i - 8 potions of curing
 j - 5 potions of might
 m - 3 potions of mutation
 o - 5 potions of brilliance
 q - 6 potions of agility
 s - a potion of berserk rage
 t - 2 potions of ambrosia
 u - 3 potions of invisibility
 v - 6 potions of haste
 A - 4 potions of heal wounds
 E - 2 potions of flight
 W - 2 potions of magic
 Z - a potion of resistance
Comestibles
 Q - 26 rations


   Skills:
 + Level 11.1 Fighting
 + Level 6.1 Crossbows
 - Level 1.2 Throwing
 - Level 5.0 Armour
 + Level 11.0 Dodging
 + Level 9.8 Shields
 + Level 12.9 Unarmed Combat


You had 13 spell levels left.
You didn't know any spells.
Your spell library was empty.

Dungeon Overview and Level Annotations

Branches:
Dungeon (12/15)            Temple (0/1) D:7            Lair (6/6) D:10
 Shoals (0/4) Lair:2        Snake (1/4) Lair:3        Slime (0/5) Lair:6
    Orc (2/2) D:9             Elf (1/3) Orc:2

Altars:
Dithmenos
Fedhas
Gozag
Hepliaklqana
Okawaru
Qazlal
Beogh
Jiyva

Shops:
D:4 [   Orc:1 [   Orc:2 *[=([

Annotations:
D:5 1 runed door
D:11 3 runed doors, Apachew's ghost, journeyman GnWz; Oirien's ghost, journeyman DsFi; psixmax's ghost, journeyman HOFi
Lair:3 exclusion: oklob plant
Lair:4 exclusion: 2 oklob plants
Snake:1 Frances


Innate Abilities, Weirdness & Mutations

You are too large for most types of armour.
You have claws for hands.
Your metabolism is lightning-fast.
You like to eat raw meat.
Your natural rate of healing is unusually fast.
You are covered in fur. (AC +1)
You have very tough skin. (AC +2)
You have a pair of small horns on your head.
You are surrounded by a mild repulsion field. (EV +2)
Your magical capacity is low. (-10% MP)
You are resistant to electric shocks. (rElec)
You expend magic power (3 MP) to strengthen your wands.


Message History

* * * LOW HITPOINT WARNING * * *
The anaconda constricts you. The naga mage casts a spell at you.
You resist with almost no effort. Frances misses you.
The naga spits poison at you. You block the splash of poison.
You block the salamander's attack. The anaconda bites you.
* * * LOW HITPOINT WARNING * * *
The anaconda constricts you. The nagaraja hits you!
* * * LOW HITPOINT WARNING * * *
The anaconda's grasp on you weakens, but your attempt to escape fails.
You feel sick.
Your ogre hits Frances with a giant spiked club!!
The naga mage gestures at you while chanting.
The bolt of poison hits you!
You are more poisoned.
You resist.
* * * LOW HITPOINT WARNING * * *
The anaconda bites you!
You die...

.....###....
##..........#
............
###.(.........
###.............
#...............
#.......†.......
#.....@@O.).....
#....NNS3.......
#.N....N..####.#
#......#.##
..N.....#..
........##.#
......... #.
......... .#


You could see Frances, a nagaraja, a salamander, an anaconda, a naga mage, a
ynoxinul, 2 nagas and a friendly ogre (berserk).

Vanquished Creatures
  Aizul (Snake:1)
  An orc warlord (Orc:1)
  The ghost of Fandomethor the Impaler, a journeyman MiMo of Okawaru (Lair:6)
  A fire dragon (Lair:6)
  6 hydras
  2 two-headed ogres
  4 death yaks
  2 orc high priests (Orc:1)
  Urug (Orc:1)
  An unseen horror (D:11)
  A lindwurm (Lair:6)
  3 ugly things
  Pikel (D:7)
  4 orc knights (Orc:1)
  3 deep elf magi
  A manticore (D:11)
  3 orc sorcerers
  10 elephants
  5 black mambas
  Psyche (D:9)
  3 molten gargoyles (Lair:6)
  Joseph (D:7)
  10 spiny frogs
  2 rime drakes
  A kobold demonologist (D:11)
  10 komodo dragons
  6 trolls
  Prince Ribbit (D:7)
  15 hippogriffs
  13 blink frogs
  9 dream sheep
  Sigmund (D:6)
  3 wraiths
  14 wyverns
  2 steam dragons (Lair:6)
  49 yaks
  12 basilisks
  10 water moccasins
  7 nagas (Lair:3)
  6 wargs
  The ghost of Leszczynek the Vexing, an amateur DESk of Cheibriados (D:5)
  4 hell hounds (Lair:6)
  Duvessa (D:5)
  6 porcupines
  23 orc warriors
  2 sky beasts
  5 black bears
  3 ice beasts
  13 ogres
  2 phantoms
  A necrophage (D:6)
  4 centaurs
  16 wolves
  11 crocodiles
  14 bullfrogs
  Blork the orc (D:6)
  A big kobold (D:10)
  A gnoll sergeant (D:5)
  Dowan (D:5)
  A wyvern skeleton (D:9)
  A scorpion (D:4)
  A water moccasin skeleton (D:7)
  32 killer bees
  13 wights
  5 lava snakes
  7 howler monkeys
  2 crimson imps
  A bullfrog zombie (D:5)
  3 quasits
  3 jellies
  5 hounds
  30 orc wizards
  16 orc priests
  A bullfrog skeleton (D:7)
  A centaur skeleton (D:5)
  12 worker ants
  4 iguanas
  A killer bee zombie (D:10)
  A hound zombie (D:8)
  A hound skeleton (D:7)
  A worker ant zombie (D:10)
  3 gnolls (D:5)
  13 adders
  4 shadow imps
  4 oozes
  5 adder skeletons
  2 worms
  2 dart slugs (D:2)
  5 leopard geckos
  70 orcs
  2 ball pythons
  10 bats
  8 giant cockroaches
  11 goblins
  12 hobgoblins
  9 jackals
  12 kobolds
  3 quokkas
  A ball python skeleton (Ossuary)
  2 frilled lizards
  2 hobgoblin skeletons (Ossuary)
  2 hobgoblin zombies (Ossuary)
  3 kobold zombies (Ossuary)
  An orc skeleton (Ossuary)
  An orc zombie (Ossuary)
  A quokka skeleton (D:9)
  A quokka zombie (D:6)
  11 rats
  A butterfly (D:5)
680 creatures vanquished.

Vanquished Creatures (collateral kills)
  Saint Roka (Orc:2)
  A naga (Snake:1)
  2 killer bees (D:9)
4 creatures vanquished.

Vanquished Creatures (others)
  An ice beast (D:7)
  An adder skeleton (D:7)
  A bush (Lair:6)
  38 fungi
  12 plants
  4 withered plants (D:11)
57 creatures vanquished.

Grand Total: 741 creatures vanquished

Notes
Turn   | Place    | Note
-------+----------+-------------------------------------------
     0 | D:1      | PikkenKukken the Troll Berserker began the quest for the Orb.
     0 | D:1      | Reached XP level 1. HP: 22/22 MP: 0/0
    51 | D:1      | Reached XP level 2. HP: 29/29 MP: 1/1
   247 | D:1      | Reached XP level 3. HP: 36/36 MP: 2/2
   503 | D:1      | Reached ** piety under Trog
  1117 | D:2      | Found a blossoming altar of Fedhas.
  1191 | D:2      | Reached XP level 4. HP: 45/45 MP: 3/3
  1781 | D:3      | Reached skill level 4 in Unarmed Combat
  1786 | D:3      | Reached XP level 5. HP: 53/53 MP: 4/4
  1958 | D:3      | Reached *** piety under Trog
  2085 | D:3      | Reached XP level 6. HP: 62/62 MP: 5/5
  2747 | D:4      | Found Tiang's Armour Boutique.
  2853 | D:4      | Reached skill level 5 in Unarmed Combat
  3014 | D:4      | Reached XP level 7. HP: 70/70 MP: 6/6
  3295 | D:5      | Entered Level 5 of the Dungeon
  3295 | D:5      | Found a hazy altar of Hepliaklqana.
  3385 | D:5      | Reached skill level 5 in Fighting
  3395 | D:5      | Reached skill level 6 in Unarmed Combat
  3451 | D:5      | Reached skill level 5 in Dodging
  3478 | D:5      | Found a shadowy altar of Dithmenos.
  3506 | D:5      | Reached XP level 8. HP: 80/80 MP: 7/7
  3588 | D:5      | Found a runed gate.
  3589 | D:5      | Found a runed gate.
  3593 | D:5      | Found a runed gate.
  3593 | D:5      | Noticed Leszczynek's ghost (amateur DESk)
  3671 | D:5      | Found a runed door.
  3746 | D:5      | Found a runed door.
  3818 | D:5      | Reached skill level 1 in Shields
  3825 | D:5      | Reached **** piety under Trog
  3874 | D:5      | Noticed Duvessa
  3878 | D:5      | Noticed Dowan
  3890 | D:5      | Killed Duvessa
  3891 | D:5      | Killed Dowan
  4648 | D:6      | Received a gift from Trog
  4779 | D:6      | Noticed Sigmund
  4788 | D:6      | Killed Sigmund
  4788 | D:6      | Reached skill level 7 in Unarmed Combat
  4937 | D:6      | Found an opulent altar of Gozag.
  5063 | D:6      | Noticed Blork the orc
  5071 | D:6      | Killed Blork the orc
  5250 | D:7      | Noticed Joseph
  5441 | D:7      | Killed Joseph
  5441 | D:7      | Reached XP level 9. HP: 89/89 MP: 8/8
  5944 | D:7      | Noticed Pikel
  5955 | D:7      | Killed Pikel
  6223 | D:7      | Reached skill level 8 in Unarmed Combat
  6361 | D:7      | Reached ***** piety under Trog
  6423 | D:7      | Noticed Prince Ribbit
  6455 | D:7      | Killed Prince Ribbit
  6609 | D:7      | Reached XP level 10. HP: 63/100 MP: 9/9
  7174 | D:7      | Found a staircase to the Ecumenical Temple.
  7422 | D:8      | Found a sand-covered staircase.
  7430 | Ossuary  | Entered an ossuary
  7484 | Ossuary  | Received a gift from Trog
  7553 | Ossuary  | Gained mutation: You have a pair of small horns on your head. [potion of mutation]
  7553 | Ossuary  | Gained mutation: You are resistant to hostile enchantments. (MR+) [potion of mutation]
  7553 | Ossuary  | Gained mutation: You are clumsy. (Dex -2) [potion of mutation]
  7553 | Ossuary  | Gained mutation: You are surrounded by a mild repulsion field. (EV +2) [potion of mutation]
  7886 | D:8      | Noticed a two-headed ogre
  7895 | D:8      | Killed a two-headed ogre
  7895 | D:8      | Reached skill level 5 in Shields
  8023 | D:8      | Reached skill level 9 in Unarmed Combat
  8196 | D:8      | Found a shadowy altar of Dithmenos.
  8258 | D:8      | Found an iron altar of Okawaru.
  8606 | D:9      | Found a stormy altar of Qazlal.
  8865 | D:9      | Noticed Psyche
  8871 | D:9      | Killed Psyche
  8968 | D:9      | Reached XP level 11. HP: 108/111 MP: 10/10
  9128 | D:9      | Found a staircase to the Orcish Mines.
  9216 | D:9      | Found a roughly hewn altar of Beogh.
  9237 | D:10     | Entered Level 10 of the Dungeon
  9467 | D:10     | Noticed a purple ugly thing
  9480 | D:10     | Killed a purple ugly thing
  9603 | D:10     | Reached ****** piety under Trog
  9923 | D:10     | Noticed a two-headed ogre
  9936 | D:10     | Killed a two-headed ogre
  9936 | D:10     | Reached skill level 1 in Throwing
  9936 | D:10     | Reached skill level 10 in Unarmed Combat
 10101 | D:10     | Received a gift from Trog
 10109 | D:10     | Reached skill level 1 in Armour
 10285 | D:10     | Found a staircase to the Lair.
 10845 | D:5      | Killed Leszczynek's ghost
 10985 | Lair:1   | Entered Level 1 of the Lair of Beasts
 11109 | Lair:1   | Reached skill level 1 in Crossbows
 12010 | Lair:2   | Found a staircase to the Shoals.
 12137 | Lair:2   | Reached XP level 12. HP: 122/122 MP: 11/11
 12241 | Lair:2   | Got a thick robe
 12266 | Lair:2   | Identified the +2 robe of Apathy {rC+} (You found it on level 2 of the Lair of Beasts)
 13046 | Lair:3   | Received a gift from Trog
 13476 | Lair:3   | Found a staircase to the Snake Pit.
 13833 | Lair:4   | Noticed a death yak
 13833 | Lair:4   | Noticed a death yak
 13835 | Lair:4   | Noticed a death yak
 13837 | Lair:4   | Noticed a death yak
 13848 | Lair:3   | Killed a death yak
 13848 | Lair:3   | Reached skill level 11 in Unarmed Combat
 13856 | Lair:3   | Killed a death yak
 13912 | Lair:4   | Killed a death yak
 13917 | Lair:4   | Killed a death yak
 15091 | Lair:5   | Reached XP level 13. HP: 131/131 MP: 12/12
 15880 | Lair:5   | Got a brightly glowing steel ring
 15907 | Lair:5   | Identified the ring "Besilemu" {Int+2 Stlth+} (You found it on level 5 of the Lair of Beasts)
 16069 | Lair:6   | Entered Level 6 of the Lair of Beasts
 16336 | Orc:1    | Entered Level 1 of the Orcish Mines
 16394 | Orc:1    | Found Merieh's Armour Boutique.
 16407 | Orc:1    | Bought a +2 cloak of poison resistance for 277 gold pieces
 16546 | Orc:1    | Found a roughly hewn altar of Beogh.
 16825 | Orc:2    | Entered Level 2 of the Orcish Mines
 16865 | Orc:2    | Received a gift from Trog
 17085 | Orc:2    | Found Larawuecvea's Antique Armour Shop.
 17123 | Orc:2    | Reached skill level 5 in Armour
 17178 | Orc:2    | Noticed Saint Roka
 17276 | Orc:2    | Killed Saint Roka
 17611 | Lair:6   | Reached skill level 10 in Fighting
 17661 | Lair:6   | Reached skill level 10 in Dodging
 17709 | Lair:6   | Received a gift from Trog
 18399 | Lair:6   | Reached skill level 12 in Unarmed Combat
 18841 | Lair:6   | Found a large runed door.
 18965 | Lair:6   | Reached XP level 14. HP: 136/143 MP: 13/13
 18976 | Lair:6   | Reached skill level 5 in Crossbows
 19212 | Lair:6   | Found a staircase to the Slime Pits.
 19212 | Lair:6   | Found a viscous altar of Jiyva.
 19523 | Lair:6   | Found a runed gate.
 19523 | Lair:6   | Found a runed gate.
 19523 | Lair:6   | Found a runed gate.
 19530 | Lair:6   | Noticed Fandomethor's ghost (journeyman MiMo)
 19584 | Lair:6   | Killed Fandomethor's ghost
 19700 | Lair:6   | Received a gift from Trog
 20125 | Lair:6   | Found a large runed door.
 20849 | Orc:2    | Noticed an orc warlord
 20991 | Orc:1    | Killed an orc warlord
 21068 | Orc:2    | Noticed Urug
 21191 | Orc:1    | Killed Urug
 21636 | Orc:2    | Found a roughly hewn altar of Beogh.
 21656 | Orc:2    | Received a gift from Trog
 21704 | Orc:2    | Found Janwaoc's Jewellery Shoppe.
 21708 | Orc:2    | Found Mogiss's General Store.
 21722 | Orc:2    | Bought a scroll of enchant armour for 105 gold pieces
 21748 | Orc:2    | Found a staircase to the Elven Halls.
 21856 | Orc:2    | Found Nethreesch's Antique Weapon Shoppe.
 21964 | Orc:2    | Found Ziaqoh's Antique Armour Shoppe.
 21971 | Orc:2    | Bought a large shield for 85 gold pieces
 22103 | Orc:2    | Bought a +4 ring of slaying for 1170 gold pieces
 22124 | Elf:1    | Entered Level 1 of the Elven Halls
 22461 | D:11     | Found a runed gate.
 22462 | D:11     | Found a runed gate.
 22463 | D:11     | Found a runed gate.
 22465 | D:11     | Noticed Apachew's ghost (journeyman GnWz)
 23103 | D:11     | Noticed Oirien's ghost (journeyman DsFi)
 23491 | D:11     | Noticed psixmax's ghost (journeyman HOFi)
 23775 | D:12     | Lost mutation: You are resistant to hostile enchantments. (MR+) [potion of mutation]
 23775 | D:12     | Lost mutation: You are clumsy. (Dex -2) [potion of mutation]
 23775 | D:12     | Gained mutation: You are resistant to electric shocks. (rElec) [potion of mutation]
 23775 | D:12     | Gained mutation: Your magical capacity is low. (-10% MP) [potion of mutation]
 23775 | D:12     | Gained mutation: You expend magic power (3 MP) to strengthen your wands. [potion of mutation]
 23899 | Snake:1  | Entered Level 1 of the Snake Pit
 23899 | Snake:1  | Noticed Aizul
 23909 | Snake:1  | Noticed a nagaraja
 23917 | Snake:1  | Noticed Frances
 23924 | Snake:1  | Killed Aizul
 23929 | Snake:1  | HP: 4/146 [nagaraja (13)]
 23930 | Snake:1  | HP: 1/146 [naga mage/bolt of poison (4)]
 23930 | Snake:1  | Mangled by an anaconda

Vault maps used:
D:1:      lemuel_arrival_tunnels, serial_forest, infiniplex_forest_lined_4_way,
          infiniplex_forest_3_way, infiniplex_forest_clump_C,
          infiniplex_forest_lined_corner, infiniplex_forest_zigzag_1,
          infiniplex_forest_straight_2, minmay_misc_feat_doors, st_stairs_7
D:2:      lemuel_crystal_altar
D:4:      serial_shops, nicolae_shop_crystal, minmay_misc_feat_cross,
          st_stairs_1, kennysheep_small_square
D:5:      lemuel_insect_pit, overflow_temple_1_default, basic_altar,
          first_ration, ebering_ghost_rock_garden, serial_park_tiny_2,
          patterned_corridor, uniq_duvessa
D:6:      grunt_gozag_breadcrumbs, minmay_stone_trees_small, sigmund_army,
          uniq_sigmund, uniq_blork_the_orc
D:7:      minmay_temple_entry_fiery, grunt_ogre_cave, eino_tiny_chamber,
          hangedman_decor_clover_reticule, uniq_pikel, uniq_joseph,
          uniq_prince_ribbit1
D:8:      grunt_dithmenos_smoke, kennysheep_okawaru_gauntlet,
          nicolae_ossuary_entry_plus, kennysheep_doodads
D:9:      old_standard_altar, minmay_orc_entry_temple_small,
          minmay_gold_behind_fungi, uniq_psyche
D:10:     grunt_lair_entry_orc_guard_hut, corexii_leaking_fountain
D:11:     gammafunk_ghost_cemetery
Lair:2:   elwin_shoals_entry_rocks
Lair:3:   minmay_snake_entry_guardpost_medium, grunt_megastairs_1
Lair:4:   minmay_lair_oklob_chamber, grunt_megastairs_4
Lair:5:   lab_entry_generic, nicolae_lair_grove_arrangements,
          infiniplex_staircase_pool_2
Lair:6:   cheibrodos_lair_end_hotspot, slime_altar_1, special_room,
          ebering_ghost_rock_garden
Snake:1:  nicolae_snake_double_loop, abandoned_shop, minmay_shop_star,
          uniq_aizul, uniq_rupert, uniq_frances
Orc:1:    serial_shops, nicolae_shop_crystal, basic_altar
Orc:2:    grunt_orc_cross, serial_shops, nicolae_shop_crystal, uniq_saint_roka
Elf:1:    minmay_elf_arrival_summoners, minmay_elf_necromancy,
          minmay_elf_annihilation
Ossuary:  ossuary_due_cavern

Skill      XL: |  1  2  3  4  5  6  7  8  9 10 11 12 13 14 |
---------------+-------------------------------------------+-----
Fighting       | 3 4 5 6 7 8 9 10 11 | 11.1
Dodging        | 3 4 5 6 7 8 9 10 11 | 11.0
Unarmed Combat | 4 5 6 7 8 9 10 11 12 | 12.9
Shields        | 2 4 5 6 7 8 9 |  9.8
Throwing       | 1 |  1.2
Armour         | 2 4 5 |  5.0
Crossbows      | 1 3 4 6 |  6.1

Action                   |  1- 3 |  4- 6 |  7- 9 | 10-12 | 13-15 || total
-------------------------+-------+-------+-------+-------+-------++-------
Melee: Unarmed           |   108 |   136 |   307 |   816 |   837 ||  2204
       Punch             |       |     1 |       |       |       ||     1
       Headbutt          |       |       |       |   162 |   186 ||   348
 Fire: Hand crossbow     |       |       |       |    15 |   103 ||   118
Invok: Berserk           |     1 |     2 |    16 |    15 |    17 ||    51
       Brothers in Arms  |       |       |       |     1 |     4 ||     5
  Use: Scroll            |     6 |     2 |     9 |    16 |    12 ||    45
       Potion            |       |       |       |     1 |     2 ||     3
 Stab: Sleeping          |       |     1 |     1 |     2 |     1 ||     5
       Distracted        |       |     1 |       |       |       ||     1
  Eat: Chunk             |    17 |    17 |    46 |    90 |    81 ||   251
       Ration            |       |       |     1 |     1 |     5 ||     7
Armor: Animal skin       |    40 |    32 |    73 |    27 |       ||   172
       Troll leather arm |       |       |       |   139 |   211 ||   350
Dodge: Dodged            |    45 |    41 |   132 |   413 |   489 ||  1120
Block: Shield            |       |       |   112 |   408 |   465 ||   985
       Large shield      |       |       |       |       |   113 ||   113

Table legend:
 A = Spawn XP
 B = Non-spawn XP
 C = Spawn XP percentage of total XP
 D = Spawn monster count
 E = Non-spawn monster count
 F = Spawn count percentage of total count
 G = Total turns spent on level
                    A         B        C        D         E        F      G
               +---------+---------+-------+---------+---------+-------+---------
         Total |       0 |  102331 |   0.0 |       0 |     684 |   0.0 | 23930
               +---------+---------+-------+---------+---------+-------+---------
           D:1 |       0 |      64 |   0.0 |       0 |      31 |   0.0 |   870
           D:2 |       0 |      58 |   0.0 |       0 |      17 |   0.0 |   824
           D:3 |       0 |     284 |   0.0 |       0 |      31 |   0.0 |   668
           D:4 |       0 |     753 |   0.0 |       0 |      23 |   0.0 |  1021
           D:5 |       0 |    1392 |   0.0 |       0 |      35 |   0.0 |  1223
           D:6 |       0 |     865 |   0.0 |       0 |      22 |   0.0 |  1418
           D:7 |       0 |    2881 |   0.0 |       0 |      35 |   0.0 |  1776
           D:8 |       0 |    2126 |   0.0 |       0 |      21 |   0.0 |   895
           D:9 |       0 |    4015 |   0.0 |       0 |      45 |   0.0 |  1000
          D:10 |       0 |    4762 |   0.0 |       0 |      60 |   0.0 |  1468
          D:11 |       0 |    6957 |   0.0 |       0 |      34 |   0.0 |  1217
        Lair:1 |       0 |    3773 |   0.0 |       0 |      19 |   0.0 |   889
        Lair:2 |       0 |    3047 |   0.0 |       0 |      16 |   0.0 |   986
        Lair:3 |       0 |    9115 |   0.0 |       0 |      40 |   0.0 |  1156
        Lair:4 |       0 |    4212 |   0.0 |       0 |      10 |   0.0 |  1337
        Lair:5 |       0 |   12466 |   0.0 |       0 |      39 |   0.0 |  1471
        Lair:6 |       0 |   25299 |   0.0 |       0 |      92 |   0.0 |  2761
       Snake:1 |       0 |    1799 |   0.0 |       0 |       2 |   0.0 |    25
         Orc:1 |       0 |   10410 |   0.0 |       0 |      52 |   0.0 |  1254
         Orc:2 |       0 |    6934 |   0.0 |       0 |      45 |   0.0 |  1297
         Elf:1 |       0 |     572 |   0.0 |       0 |       1 |   0.0 |    41
       Ossuary |       0 |     547 |   0.0 |       0 |      14 |   0.0 |   298
               +---------+---------+-------+---------+---------+-------+---------
